 Dungeon Crawl Stone Soup version 0.20.1-1-g8b1a95d (webtiles) character file.

12526 keltmir the Transmogrifier (level 11, -11/92 HPs)
             Began as a Yellow Draconian Transmuter on Nov 12, 2017.
             Was an Elder of Makhleb.
             Mangled by bmj180's ghost (22 damage)
             ... on level 12 of the Dungeon.
             The game lasted 00:58:00 (13562 turns).

keltmir the Transmogrifier (DrTm)                  Turns: 13562, Time: 00:58:02

Health: -11/92     AC: 12    Str: 17    XL:     11   Next: 63%
Magic:  16/20      EV: 15    Int: 17    God:    Makhleb [****..]
Gold:   796        SH:  0    Dex: 12    Spells: 9/22 levels left

rFire    . . .     SeeInvis +     - Unarmed
rCold    . . .     Gourm    +   (shield currently unavailable)
rNeg     . . .     Faith    .   (armour unavailable)
rPois    .         Spirit   .   (helmet restricted)
rElec    .         Reflect  .   g - +1 cloak
rCorr    +         Harm     .   (gloves currently unavailable)
MR       .....                  I - +0 pair of boots
Stlth    +.........             e - amulet of the gourmand
Regen    0.3/turn               z - +2 ring of protection
MPRegen  0.2/turn               R - ring of see invisible

@: mighty, short of breath, blade hands, slowed, very slow
A: spit acid, acid resistance, unfitting armour, blurry vision 1, no potion heal
1, cold-blooded, AC +7
a: Breathe Acid, End Transformation, Minor Destruction, Lesser Servant of
Makhleb, Major Destruction, Renounce Religion


You were on level 12 of the Dungeon.
You worshipped Makhleb.
Makhleb was greatly pleased with you.
You were very full.
You had blades for hands.
You visited 1 branch of the dungeon, and saw 12 of its levels.

You collected 796 gold pieces.

Inventory:

Hand Weapons
 Z - a +0 blowgun
Missiles
 a - 351 arrows
 C - 3 curare-tipped needles
 L - 2 exploding tomahawks (quivered)
 Q - 52 poisoned needles
Armour
 g - a +1 cloak (worn)
 y - a +0 pair of gloves (melded)
 I - a +0 pair of boots (worn)
Jewellery
 e - an amulet of the gourmand (around neck)
 z - a +2 ring of protection (left scythe-like blade)
 F - an uncursed ring of protection from cold
 R - a ring of see invisible (right scythe-like blade)
 S - an uncursed ring of protection from magic
 Y - an uncursed ring of protection from fire {unknown}
Wands
 p - a wand of scattershot (5/9)
 u - a wand of disintegration (19/24)
 H - a wand of disintegration (15/24)
 K - a wand of flame (34/48)
 O - a wand of paralysis (10/24)
 P - a wand of iceblast (9/15)
 T - a wand of confusion (22/48)
 U - a wand of confusion (21/48)
 V - a wand of iceblast (7/15)
 W - a wand of flame (32/48)
Scrolls
 d - 2 scrolls of recharging
 f - 7 scrolls of teleportation
 o - a scroll of fear
 r - a scroll of blinking
 s - 2 scrolls of amnesia
 E - a scroll of fog
 G - 3 scrolls of magic mapping
 J - a scroll of remove curse
 N - 2 scrolls of enchant armour
Potions
 i - 3 potions of curing
 j - 5 potions of lignification
 k - a potion of haste
 m - 5 potions of mutation
 n - a potion of magic
 q - 5 potions of agility
 t - 4 potions of cancellation
 v - 2 potions of heal wounds
 w - 2 potions of flight
 A - 2 potions of ambrosia
 B - a potion of brilliance {unknown}
 D - a potion of might
Books
 b - a book of Changes

   Spells                             Type                      Level
   a - Beastly Appendage              Transmutation                1
   b - Sticks to Snakes               Transmutation                2
   c - Spider Form                    Transmutation/Poison         3
   d - Ice Form                       Ice/Transmutation            4
   e - Blade Hands                    Transmutation                5
 M - a book of Minor Magic

   Spells                             Type                      Level
   a - Magic Dart                     Conjuration                  1
   b - Blink                          Translocation                2
   c - Call Imp                       Summoning                    2
   d - Slow                           Hexes                        2
   e - Conjure Flame                  Conjuration/Fire             3
   f - Mephitic Cloud                 Conjuration/Poison/Air       3
Comestibles
 c - 6 bread rations
 h - 15 royal jellies
 l - 8 fruits
 x - 3 meat rations
 X - 7 chunks of flesh


   Skills:
 + Level 7.4 Fighting
 + Level 6.2 Dodging
 * Level 9.8 Unarmed Combat
 + Level 6.1 Spellcasting
 - Level 11.3 Transmutations
 + Level 3.4 Invocations


You had 9 spell levels left.
You knew the following spells:

 Your Spells              Type           Power        Failure   Level  Hunger
a - Beastly Appendage     Tmut           #####.       8%          1    None
b - Spider Form           Tmut/Pois      ###.......   28%         3    ##.....
c - Blade Hands           Tmut           #####.....   26%         5    #####..
d - Ice Form              Ice/Tmut       ###.....     50%         4    ####...


Dungeon Overview and Level Annotations

Branches:
Dungeon (12/15)            Temple (0/1) D:7            Lair (0/6) D:9
    Orc: D:9-12

Altars:
Dithmenos
Makhleb
Nemelex Xobeh
Ru
Trog
Vehumet
Zin

Annotations:
D:11 Snorg
D:12 bmj180's ghost, journeyman MiFi


Innate Abilities, Weirdness & Mutations

You can spit globs of acid.
You are resistant to acid.
Your golden yellow scales are hard. (AC +7)
You cannot fit into any form of body armour.
You are cold-blooded and may be slowed by cold attacks.
Scrolls take you a little longer to read.
Potions are less effective at restoring your health.


Message History

Bmj180's ghost barely misses you.
You barely miss bmj180's ghost.
Bmj180's ghost is lightly damaged.
Bmj180's ghost hits you.
You feel yourself slow down. Bmj180's ghost freezes you.
You slice bmj180's ghost!!
Bmj180's ghost is moderately damaged.
The ogre barely misses you. Bmj180's ghost hits you!
You feel as though you will be slow longer.
Bmj180's ghost freezes you.
You slash bmj180's ghost!
Your tail-slap misses bmj180's ghost.
Bmj180's ghost is moderately damaged.
The ogre hits you with a giant club! Bmj180's ghost closely misses you.
You barely miss bmj180's ghost.
Bmj180's ghost is moderately damaged.
Bmj180's ghost hits you. Bmj180's ghost freezes you.
The ogre hits you with a giant club!!
* * * LOW HITPOINT WARNING * * *
Bmj180's ghost hits you!!
You die...

########### ################
..#.......# #...............
..#.......# #...............
..#.......#. #...............
..#.......#. #...............
..#.......#.. #...............
#####..####..#####...#..######...
..........#....O.....#..#..).....
..........#....W@....#..#........
###..#######..########..#..#..###
#.....# #.. #.....#..#.. #.....#
#.. #.....#..#.. #.....#..#..
############ #.....#..#O.
#....#...... #.....#..#..
#....#...... . #.....#..#..
####..##..### . #.....#..#
#............


You could see an ogre and bmj180's ghost.

Vanquished Creatures
  3 two-headed ogres
  The ghost of letownia2 the Reanimator, a novice DDNe of Gozag (D:8)
  An unseen horror (D:11)
  An ugly thing (D:11)
  A gargoyle (D:12)
  A kobold demonologist (D:12)
  A troll (D:9)
  A hornet (D:11)
  2 hippogriffs
  Sigmund (D:7)
  10 yaks (D:11)
  A hungry ghost (D:11)
  2 soldier ants (D:10)
  A water moccasin (D:8)
  4 ice beasts
  4 orc warriors
  2 black bears
  A necrophage (D:11)
  2 sky beasts
  An eye of draining (D:11)
  6 ogres
  2 phantoms
  5 centaurs
  A crocodile (D:12)
  4 big kobolds
  A gnoll sergeant (D:8)
  2 bullfrogs
  3 scorpions
  9 killer bees
  4 wights (D:10)
  4 howler monkeys
  8 crimson imps
  A centaur zombie (D:12)
  2 jellies
  A quasit (D:9)
  8 hounds
  15 orc wizards
  12 orc priests
  Jessica (D:2)
  9 worker ants
  3 iguanas
  2 hound zombies
  A hound skeleton (D:10)
  A howler monkey zombie (D:5)
  9 gnolls (D:8)
  3 adders
  A shadow imp (D:5)
  An ooze (D:2)
  An adder skeleton (D:9)
  4 worms
  4 dart slugs
  3 leopard geckos
  59 orcs
  4 bats
  2 giant cockroaches
  8 goblins
  10 hobgoblins
  2 jackals (D:2)
  31 kobolds
  3 quokkas
  A ball python (D:1)
  A ball python skeleton (D:4)
  7 frilled lizards
  A giant cockroach zombie (D:6)
  A jackal zombie (D:8)
  A quokka zombie (D:6)
  8 rats
  A fungus (D:1)
312 creatures vanquished.

Notes
Turn   | Place    | Note
-------+----------+-------------------------------------------
     0 | D:1      | keltmir the Draconian Transmuter began the quest for the Orb.
     0 | D:1      | Reached XP level 1. HP: 16/16 MP: 3/3
   191 | D:1      | Reached XP level 2. HP: 3/23 MP: 3/5
   209 | D:2      | HP: 1/23 [frilled lizard (2)]
   521 | D:1      | Reached skill level 3 in Transmutations
   822 | D:1      | Reached XP level 3. HP: 17/28 MP: 6/6
   941 | D:1      | Learned a level 3 spell: Spider Form
  1535 | D:2      | Reached skill level 4 in Transmutations
  1839 | D:2      | Noticed Jessica
  1843 | D:2      | Killed Jessica
  1843 | D:2      | Reached XP level 4. HP: 35/35 MP: 3/7
  2206 | D:4      | Reached skill level 5 in Transmutations
  2364 | D:5      | Entered Level 5 of the Dungeon
  2391 | D:5      | Reached XP level 5. HP: 24/40 MP: 1/8
  2616 | D:4      | Reached skill level 6 in Transmutations
  2752 | D:4      | Reached XP level 6. HP: 34/47 MP: 5/9
  2955 | D:5      | Noticed Sigmund
  3634 | D:3      | You fall through a shaft!
  3963 | D:4      | Reached skill level 7 in Transmutations
  4139 | D:4      | Your scales start taking on a golden yellow colour.
  4139 | D:4      | Reached XP level 7. HP: 12/52 MP: 6/10
  4499 | D:4      | Found a sparkling altar of Nemelex Xobeh.
  4511 | D:4      | Found a burning altar of Makhleb.
  4530 | D:4      | Found a sacrificial altar of Ru.
  4533 | D:4      | Found a bloodstained altar of Trog.
  4537 | D:4      | Became a worshipper of Makhleb the Destroyer
  4701 | D:4      | Learned a level 5 spell: Blade Hands
  4702 | D:4      | Gained mutation: Scrolls take you a little longer to read. [miscasting Blade Hands]
  4702 | D:4      | Gained mutation: Potions are less effective at restoring your health. [miscasting Blade Hands]
  5043 | D:4      | Reached skill level 8 in Transmutations
  5409 | D:5      | Reached skill level 9 in Transmutations
  6079 | D:5      | Reached XP level 8. HP: 51/59 MP: 5/11
  6470 | D:5      | Reached skill level 10 in Transmutations
  6970 | D:7      | Killed Sigmund
  7419 | D:6      | Reached XP level 9. HP: 68/68 MP: 7/13
  7423 | D:6      | Reached skill level 5 in Unarmed Combat
  7501 | D:6      | Reached * piety under Makhleb
  8615 | D:7      | Found a staircase to the Ecumenical Temple.
  8765 | D:8      | Noticed letownia2's ghost (novice DDNe)
  9078 | D:7      | Learned a level 4 spell: Ice Form
  9093 | D:8      | Killed letownia2's ghost
  9414 | D:8      | Found a glowing silver altar of Zin.
  9467 | D:8      | Reached XP level 10. HP: 80/80 MP: 12/16
  9518 | D:8      | Reached ** piety under Makhleb
  9858 | D:9      | Noticed a two-headed ogre
  9998 | D:9      | Reached skill level 5 in Fighting
 10073 | D:9      | Killed a two-headed ogre
 10073 | D:9      | Reached skill level 11 in Transmutations
 10377 | D:9      | Found a staircase to the Lair.
 10401 | D:10     | Entered Level 10 of the Dungeon
 10479 | D:9      | Noticed a two-headed ogre
 10484 | D:9      | Killed a two-headed ogre
 10807 | D:9      | Found a radiant altar of Vehumet.
 10850 | D:9      | Reached skill level 5 in Spellcasting
 11181 | D:11     | Reached skill level 5 in Dodging
 11226 | D:10     | Reached *** piety under Makhleb
 11974 | D:11     | Reached XP level 11. HP: 89/89 MP: 12/18
 12248 | D:11     | Noticed a two-headed ogre
 12254 | D:11     | Killed a two-headed ogre
 12254 | D:11     | Reached skill level 1 in Invocations
 12287 | D:11     | Found a shadowy altar of Dithmenos.
 12318 | D:11     | Reached **** piety under Makhleb
 12505 | D:11     | Noticed an unseen horror
 12520 | D:11     | Killed an unseen horror
 12573 | D:11     | Noticed a purple ugly thing
 12581 | D:11     | Killed a purple ugly thing
 12698 | D:11     | Noticed Snorg
 12700 | D:11     | Noticed a green ugly thing
 13553 | D:12     | Noticed bmj180's ghost (journeyman MiFi)
 13562 | D:12     | Mangled by bmj180's ghost

Skill      XL: |  1  2  3  4  5  6  7  8  9 10 11 |
---------------+----------------------------------+-----
Transmutations | 3 4 5 6 7 9 10 11 | 11.3
Dodging        | 3 4 5 6 |  6.2
Unarmed Combat | 4 6 8 9 |  9.8
Fighting       | 2 4 6 7 |  7.4
Spellcasting   | 3 4 5 6 |  6.1
Invocations    | 3 |  3.4

Action                   |  1- 3 |  4- 6 |  7- 9 | 10-12 || total
-------------------------+-------+-------+-------+-------++-------
Melee: Unarmed           |   141 |   161 |   304 |   306 ||   912
       Tailslap          |    13 |     7 |    18 |    23 ||    61
       Kick              |     5 |       |       |       ||     5
       Headbutt          |     3 |       |       |       ||     3
       Punch             |     4 |       |     2 |     8 ||    14
 Cast: Beastly Appendage |     9 |     1 |       |       ||    10
       Spider Form       |     3 |    19 |    12 |       ||    34
       Blade Hands       |       |       |    32 |    39 ||    71
Invok: Lesser Servant of |       |       |       |     2 ||     2
 Abil: Breathe Acid      |       |       |    12 |    18 ||    30
  Use: Scroll            |     6 |     1 |    11 |    10 ||    28
       Potion            |       |       |       |     4 ||     4
 Stab: Sleeping          |       |     1 |     1 |       ||     2
  Eat: Chunk             |     4 |     9 |    38 |    32 ||    83
       Meat ration       |       |       |     2 |       ||     2
       Fruit             |       |       |     1 |       ||     1
Armor: Skin              |    40 |    23 |    84 |    85 ||   232
Dodge: Dodged            |    89 |   109 |   167 |   241 ||   606
